 Dungeon Crawl Stone Soup version 0.27.0-1-g7a089689b8 (webtiles) character file.

Game seed: 14175259216024449159

78 trckry the Grasshopper (level 4, -3/44 HPs)
             Began as an Ogre Warper on Aug 13, 2021.
             Slain by Natasha (4 damage)
             ... on level 2 of the Dungeon.
             The game lasted 00:04:19 (2005 turns).

trckry the Grasshopper (Ogre Warper)                Turns: 2005, Time: 00:04:20

Health: -3/44      AC:  3    Str: 15    XL:     4   Next: 36%
Magic:  1/7        EV:  9    Int: 15    God:
Gold:   40         SH:  0    Dex:  8    Spells: 2/7 levels left

rFire    . . .     SeeInvis .   a - +0 mace
rCold    . . .     Faith    .   (no shield)
rNeg     . . .     Spirit   .   b - +0 robe
rPois    .         Reflect  .   (helmet restricted)
rElec    .         Harm     .   e - scarf {+Inv}
rCorr    .         Rampage  .   (gloves unavailable)
Will     .....                  (boots unavailable)
Stlth    +.........             (no amulet)
HPRegen  0.14/turn              (no ring)
MPRegen  0.10/turn              (no ring)

@: very slightly contaminated
A: large, unfitting armour, tough skin 1
a: Evoke Invisibility


You were on level 2 of the Dungeon.
You visited 1 branch of the dungeon, and saw 2 of its levels.

You collected 40 gold pieces.

Inventory:

Hand Weapons
 a - a +0 mace (weapon)
 j - a +0 long sword
Missiles
 d - 3 boomerangs of dispersal (quivered)
Armour
 b - a +0 robe (worn)
 e - a scarf of invisibility (worn)
Scrolls
 c - a scroll of blinking
 f - a scroll of identify {unknown}
 g - 2 scrolls of noise {unknown}
 h - a scroll of enchant armour {unknown}
 k - a scroll of immolation {unknown}
 l - a scroll of summoning {unknown}
Potions
 i - 2 potions of curing {unknown}


   Skills:
 - Level 2.6 Fighting
 * Level 3.1 Maces & Flails
 - Level 1.0 Throwing
 - Level 2.1 Dodging
 - Level 2.4 Spellcasting
 * Level 3.7 Translocations


You had 2 spell levels left.
You knew the following spells:

 Your Spells              Type           Power      Damage    Failure   Level
a - Blink                 Tloc           N/A        N/A       7%          2
b - Gell's Gravitas       Tloc           6%         N/A       14%         3

Your spell library contained the following spells:

 Spells                   Type           Power      Damage    Failure   Level
 Lesser Beckoning         Tloc           6%         N/A       14%         3
 Teleport Other           Tloc           13%        N/A       14%         3
 Dazzling Flash           Conj/Hex       2%         N/A       54%         3
 Manifold Assault         Tloc           13%        N/A       77%         5
 Agony                    Necr           1%         N/A       99%         5
 Silence                  Hex/Air        0%         N/A       99%         5


Dungeon Overview and Level Annotations

Branches:
Dungeon (2/15)

Altars:

Annotations:
D:2 Natasha, Terence


Innate Abilities, Weirdness & Mutations

You are too large for most types of armour.
You have tough skin. (AC +1)


Message History

Natasha casts a spell at you. The magic dart hits you!
* * * LOW HITPOINT WARNING * * *
You take 6 damage, and have 9/44 hp.
Casting: Blink (safe; 7% risk of failure)
Confirm with . or Enter, or press ? or * to list all spells.
Aiming: Gell's Gravitas (dangerous; 14% risk of failure)
Press: ? - help, Dir - move target You miscast Gell's Gravitas.
You are very lightly contaminated with residual magic.
The air around you crackles with energy.
You are magically locked in place.
Terence says, "Time to say good-bye..."
You now have 4/7 mp.
Casting: Gell's Gravitas (dangerous; 14% risk of failure)
Confirm with . or Enter, or press ? or * to list all spells.
Aiming: Gell's Gravitas (dangerous; 14% risk of failure)
Press: ? - help, Dir - move target Gravity reorients around empty space.
Natasha barely misses you.
You now have 1/7 mp.
Throw: 5 boomerangs (disperse)
Press: ? - help, Q - select action, (/) - cycle Shift-Dir - straight line, f - Natasha
Aim: Natasha (45% to hit)
You throw a boomerang of dispersal.
The boomerang of dispersal closely misses Natasha.
The boomerang of dispersal barely misses Terence.
You are no longer locked in place.
Natasha mewls in sadness.
Natasha claws you.
* * * LOW HITPOINT WARNING * * *
You take 4 damage, and have 5/44 hp.
Throw: 4 boomerangs (disperse)
Press: ? - help, Q - select action, (/) - cycle Shift-Dir - straight line, f/p - Natasha
Aim: Natasha (45% to hit)
You throw a boomerang of dispersal.
The boomerang of dispersal closely misses Natasha.
Terence hits you with a +0 short sword.
* * * LOW HITPOINT WARNING * * *
Natasha claws you.
You die...

#...............#####.##.##......
#.....................##.##......
#.....................##.##......
#.....................##.^.......
########................@........
####.#.........>....#.....
#.#####.#.#......'..)..
#.#####.#.#......#.....
#.....@h.........#####.
#######@#.####'### #. #......#.#
#. ###.##.#.# #. #.##.#.# #.
#.##.#.# #. #####'#†.#.# ##
#.......##.#### #.......##....#


You could see Terence and Natasha.

Vanquished Creatures
  Natasha (D:2)
  An adder (D:2)
  A worm (D:2)
  2 dart slugs
  3 ball pythons
  6 bats
  2 endoplasms (D:1)
  2 giant cockroaches
  A goblin (D:2)
  3 hobgoblins (D:1)
  3 jackals (D:1)
  2 kobolds
  4 quokkas
  A frilled lizard (D:1)
  A rat (D:2)
33 creatures vanquished.

Notes
Turn   | Place    | Note
-------+----------+-------------------------------------------
     0 | D:1      | trckry the Ogre Warper began the quest for the Orb.
     0 | D:1      | Reached XP level 1. HP: 22/22 MP: 3/3
   359 | D:1      | Reached XP level 2. HP: 16/29 MP: 5/5
  1093 | D:1      | Reached XP level 3. HP: 35/36 MP: 6/6
  1175 | D:1      | Learned a level 2 spell: Blink
  1179 | D:1      | Learned a level 3 spell: Gell's Gravitas
  1547 | D:2      | Noticed Natasha
  1583 | D:2      | Killed Natasha
  1584 | D:2      | Reached XP level 4. HP: 44/44 MP: 7/7
  1940 | D:2      | Noticed Terence
  1991 | D:2      | Noticed Natasha
  2004 | D:2      | HP: 5/44 [Natasha (4)]
  2005 | D:2      | HP: 1/44 [Terence (4)]
  2005 | D:2      | Slain by Natasha

Illustrated notes

Levels and vault maps discovered:
D:1:      dpeg_arrival_round_c, layout_rooms, glass_columns_b
D:2:      layout_basic, uniq_terence, uniq_natasha

Skill      XL: |  1  2  3 |
---------------+----------+-----
Maces & Flails | 2 3 |  3.1
Translocations | 3 |  3.7
Fighting       | |  2.6
Throwing       | |  1.0
Dodging        | |  2.1
Spellcasting   | |  2.4

Action                   |  1- 3 |  4- 6 || total
-------------------------+-------+-------++-------
Melee: Mace              |    87 |    30 ||   117
Throw: Boomerang         |       |     2 ||     2
 Cast: Blink             |       |     1 ||     1
       Gell's Gravitas   |       |     1 ||     1
Armor: Robe              |    40 |     2 ||    42
Dodge: Dodged            |    44 |    20 ||    64
